Map: Cerulean Fall LE

Players

Bunny

  • Race: Terran Terran
  • League: Diamond
  • Spawn Location: 1:00

lIIllllIIlll (INnoVation) - Winner!

  • Race: Terran Terran
  • League: Master
  • Spawn Location: 7:00

Event: HomeStory Cup XVIII

VOD

Have the link to the VOD?

Description

Time

  • Played on: Nov. 25, 2018, 7:24 a.m.
  • Length: 3:14

All games in this series

Show
View Real Time Build Order
Export as new Build Order

Bunny Terran 

Build Orders: Gas First Reaper Expand, Reaper Expand 

Get SALT Encoding   

  12  0:00  SCV  
  13  0:12  SCV  
  14  0:17  Supply Depot  
  14  0:25  SCV  
  14  0:27  Refinery  
  15  0:38  SCV  
  16  0:44  Barracks  
  16  0:50  SCV  
  17  1:03  SCV  
  18  1:15  SCV  
  19  1:31  Orbital Command, Reaper  
  20  1:43  Command Center  
  20  1:54  Factory  
  20  1:58  SCV  
  21  2:06  Barracks Reactor  
  21  2:09  Supply Depot  
  21  2:11  SCV  
  22  2:23  SCV  
  21  2:37  Hellion  
  21  2:42  SCV  
  21  2:43  Marine x2  
Show
View Real Time Build Order
Export as new Build Order

lIIllllIIlll Terran - Winner!

Build Orders:  

Get SALT Encoding   

  12  0:00  SCV  
  13  0:13  Supply Depot  
  13  0:18  SCV  
  14  0:35  Barracks  
  14  0:41  Refinery  
  14  0:55  Barracks  
  14  0:59  SCV  
  15  1:11  SCV  
  16  1:24  Orbital Command  
  16  1:25  Reaper  
  17  1:32  Refinery  
  17  1:42  Reaper  
  18  1:49  SCV  
  19  1:56  Supply Depot  
  19  1:59  Reaper  
  20  2:01  SCV  
  21  2:13  SCV  
  21  2:15  Reaper  
  23  2:25  SCV  
  23  2:27  Factory  
  24  2:36  Reaper  
  25  2:38  SCV  
  26  2:51  SCV  
Tags
 
Add a new tag
Caveats
  • Supply blocks, unpowered buildings, or Contaminate may cause inaccurate times.
  • Supply counts are checked every 10 seconds.